 Dungeon Crawl Stone Soup version 0.21-a0-140-g479285b (webtiles) character file.

4129 grindst0ne the Grappler (level 10, -11/94 HPs)
             Began as a Ghoul Gladiator on July 19, 2017.
             Was a Priest of Qazlal.
             Mangled by a two-headed ogre
             ... wielding a +0 giant club
              (16 damage)
             ... on level 8 of the Dungeon.
             The game lasted 00:13:13 (6260 turns).

grindst0ne the Grappler (Ghoul Gladiator)           Turns: 6260, Time: 00:13:14

Health: -11/94     AC: 10    Str: 22    XL:     10   Next: 27%
Magic:  7/11       EV: 10    Int:  3    God:    Qazlal [***...]
Gold:   395        SH: 10    Dex: 10    Spells: 9/9 levels left

rFire    . . .     SeeInvis .     - Unarmed
rCold    + . .     Gourm    .   (no shield)
rNeg     + + +     Faith    .   p - +2 scale mail {MR+}
rPois    ∞         Spirit   .   b - +0 helmet
rElec    .         Reflect  +   (no cloak)
rCorr    .         Harm     .   l - +0 pair of gloves
MR       +....                  (no boots)
Stlth    ..........             A - +6 amulet of reflection
HPRegen  0.00/turn              (no ring)
MPRegen  0.12/turn              (no ring)

@: rotting
A: rotting body, claws 1, carnivore 3, cold resistance 1, negative energy
resistance 3, inhibited regeneration, torment resistance, unbreathing
a: Upheaval, Elemental Force, Renounce Religion


You were on level 8 of the Dungeon.
You worshipped Qazlal.
Qazlal was most pleased with you.
You were not hungry.

You visited 1 branch of the dungeon, and saw 8 of its levels.

You collected 395 gold pieces.

Inventory:

Missiles
 c - 3 throwing nets (quivered)
Armour
 b - a +0 helmet (worn)
 h - a +0 chain mail
 l - a +0 pair of gloves (worn)
 p - a +2 scale mail of magic resistance (worn)
Jewellery
 A - a +6 amulet of reflection (around neck)
Wands
 w - a wand of lightning (4/15)
Scrolls
 a - 2 scrolls of blinking
 e - a scroll of fear
 f - 3 scrolls of fog
 m - a scroll of teleportation {unknown}
 o - 3 scrolls of amnesia
 r - a scroll of enchant armour {unknown}
 s - 3 scrolls of remove curse
 t - a scroll of magic mapping {unknown}
 v - a scroll of enchant weapon
 x - a scroll of recharging {unknown}
Potions
 g - a potion of resistance
 j - a potion of lignification
 k - a potion of brilliance
 n - 2 potions of flight
 q - a potion of agility
 u - 3 potions of curing
 z - a potion of mutation
 B - a potion of might {unknown}
Books
 y - a book of Misfortune

   Spells                             Type                      Level
   a - Confusing Touch                Hexes                        1
   b - Confuse                        Hexes                        3
   c - Gell's Gravitas                Translocation                3
   d - Petrify                        Transmutation/Earth          4
   e - Metabolic Englaciation         Hexes/Ice                    5
   f - Yara's Violent Unravelling     Hexes/Transmutation          5
Comestibles
 d - a meat ration
 i - 2 chunks of flesh
 C - a royal jelly


   Skills:
 + Level 10.9 Fighting
 - Level 1.7 Throwing
 - Level 2.6 Dodging
 + Level 11.5 Unarmed Combat
 * Level 3.4 Invocations


You had 9 spell levels left.
You didn't know any spells.

Dungeon Overview and Level Annotations

Branches:
Dungeon (8/15)             Temple (0/1) D:4
   Lair: D:8-11

Altars:
Dithmenos
Fedhas
Hepliaklqana
Kikubaaqudgha
Makhleb
Qazlal
Wu Jian
Xom
Yredelemnul
The Shining One

Annotations:
D:2 2 transporters


Innate Abilities, Weirdness & Mutations

Your body is rotting away.
You thrive on raw meat.
You are immune to poison.
You have sharp fingernails.
You are carnivorous and can eat meat at any time.
Your flesh is cold resistant. (rC+)
You are immune to negative energy. (rN+++)
You do not regenerate when monsters are visible.
You are immune to unholy pain and torment.
You can survive without breathing.


Message History

Found a potion of brilliance.
You block the two-headed ogre's attack. The two-headed ogre barely misses you.
Aiming: Upheaval
Press: ? - help, Dir - move target cursor, f/p - two-headed ogre
Aim: a two-headed ogre, wielding two giant clubs (heavily wounded)
A blizzard blasts the area with ice!
The blast of ice hits the two-headed ogre.
The two-headed ogre is severely wounded.
The two-headed ogre is flash-frozen.
The storm surrounding you is now too weak to repel missiles.
You no longer adapt resistances upon receiving elemental damage.
Eat one of 3 chunks of flesh? (ye/n/q)
You eat one of the 3 chunks of flesh.
This raw flesh tastes great!
You hit the two-headed ogre.
The two-headed ogre is severely wounded.
The two-headed ogre is engulfed in blazing flames.
The two-headed ogre hits you with a giant club!!
* * * LOW HITPOINT WARNING * * *
The two-headed ogre hits you with a giant club!
You die...

.................#
.......#........#
.......#........#
.......#........#
.......#........#
..#.####........#
.##. #.......!#
#....O§..#
#....@...#
...........#
###........#
####.##### #. ##


You could see a two-headed ogre.

Vanquished Creatures
  A two-headed ogre (D:8)
  The ghost of p0werm0de the Fighter, a novice DsWr of Makhleb (D:7)
  A spriggan (D:7)
  A wyvern (D:8)
  A hungry ghost (D:7)
  An orc warrior (D:6)
  An ogre (D:4)
  2 centaurs
  A big kobold (D:7)
  10 bullfrogs
  A gnoll sergeant (D:7)
  A scorpion (D:4)
  3 killer bees (D:7)
  4 wights (D:7)
  A hound (D:5)
  2 crimson imps
  A centaur zombie (D:5)
  5 orc priests
  2 bullfrog zombies
  A bullfrog skeleton (D:8)
  A centaur skeleton (D:6)
  3 iguanas
  Terence (D:3)
  8 orc wizards
  2 worker ants
  3 hound skeletons
  10 adders
  7 gnolls
  3 shadow imps
  2 oozes
  An adder zombie (D:7)
  3 worms
  4 dart slugs
  6 leopard geckos
  25 orcs
  2 ball pythons
  5 giant cockroaches
  7 goblins
  6 hobgoblins
  12 jackals
  9 kobolds
  3 quokkas
  9 bats
  8 frilled lizards
  A leopard gecko skeleton (D:6)
  A leopard gecko zombie (D:6)
  8 rats
191 creatures vanquished.

Notes
Turn   | Place    | Note
-------+----------+-------------------------------------------
     0 | D:1      | grindst0ne the Ghoul Gladiator began the quest for the Orb.
     0 | D:1      | Reached XP level 1. HP: 17/17 MP: 0/0
    92 | D:1      | Reached XP level 2. HP: 16/25 MP: 1/1
   623 | D:2      | Reached skill level 4 in Unarmed Combat
   623 | D:2      | Reached XP level 3. HP: 31/31 MP: 2/2
   651 | D:2      | Found a stormy altar of Qazlal.
   666 | D:2      | Became a worshipper of Qazlal Stormbringer
   678 | D:2      | Found a transporter.
   684 | D:2      | Noticed a bullfrog
   685 | D:2      | Found an ornate altar of the Wu Jian Council.
   689 | D:2      | Noticed a scorpion
  1185 | D:2      | Found a transporter.
  1295 | D:2      | Reached XP level 4. HP: 38/38 MP: 3/3
  1432 | D:3      | Noticed a bullfrog
  1437 | D:3      | Noticed Terence
  1461 | D:2      | Killed a bullfrog
  1461 | D:2      | Reached skill level 5 in Unarmed Combat
  1461 | D:2      | Reached XP level 5. HP: 15/46 MP: 4/4
  1508 | D:3      | Killed Terence
  1732 | D:3      | Reached * piety under Qazlal
  1783 | D:3      | Found a hazy altar of Hepliaklqana.
  1887 | D:3      | You fall through a shaft!
  1904 | D:4      | Reached XP level 6. HP: 49/55 MP: 5/5
  1960 | D:4      | Reached skill level 5 in Fighting
  1978 | D:4      | Reached skill level 6 in Unarmed Combat
  2012 | D:4      | Reached XP level 7. HP: 22/61 MP: 6/6
  2231 | D:4      | Found a staircase to the Ecumenical Temple.
  2502 | D:4      | Found a shadowy altar of Dithmenos.
  2512 | D:4      | Reached ** piety under Qazlal
  2835 | D:3      | Reached skill level 7 in Unarmed Combat
  3298 | D:5      | Entered Level 5 of the Dungeon
  3298 | D:5      | Found a glowing golden altar of the Shining One.
  3819 | D:5      | Reached XP level 8. HP: 73/73 MP: 7/7
  4014 | D:6      | Reached skill level 8 in Unarmed Combat
  4068 | D:6      | Found a basalt altar of Yredelemnul.
  4423 | D:6      | Reached skill level 9 in Unarmed Combat
  4459 | D:6      | Found an ancient bone altar of Kikubaaqudgha.
  4563 | D:6      | Found a shimmering altar of Xom.
  4680 | D:6      | Reached *** piety under Qazlal
  4948 | D:7      | Reached XP level 9. HP: 77/82 MP: 8/8
  5064 | D:7      | Noticed p0werm0de's ghost (novice DsWr)
  5100 | D:7      | Killed p0werm0de's ghost
  5100 | D:7      | Reached skill level 10 in Unarmed Combat
  5235 | D:7      | Found a blossoming altar of Fedhas.
  5341 | D:7      | Reached skill level 10 in Fighting
  5831 | D:7      | Reached skill level 11 in Unarmed Combat
  6074 | D:8      | Reached **** piety under Qazlal
  6074 | D:8      | Reached XP level 10. HP: 90/94 MP: 9/9
  6153 | D:8      | Found a burning altar of Makhleb.
  6157 | D:8      | Noticed a two-headed ogre
  6164 | D:8      | Killed a two-headed ogre
  6238 | D:8      | Noticed a two-headed ogre
  6260 | D:8      | Mangled by a two-headed ogre

Vault maps used:
D:1:      roderic_crossed_star, glass_columns_b
D:2:      gammafunk_temple_overflow_arena, grunt_qazlal_clouds, first_bread,
          grunt_ministairs_1, minmay_liquid_box
D:3:      cheibrodos_pilgrimage, overflow_temple_1_default, uniq_terence
D:4:      nicolae_dithmenos_through_a_glass_darkly,
          minmay_temple_entry_crystal_x, minmay_misc_feat_enclosed
D:5:      overflow_temple_1_default
D:6:      nicolae_overflow_crystal_walls, lemuel_coloured_pillars_altar,
          basic_altar
D:7:      basic_altar, the_bakery
D:8:      basic_altar, uniq_maurice

Skill      XL: |  1  2  3  4  5  6  7  8  9 10 |
---------------+-------------------------------+-----
Fighting       | 3 4 5 7 8 10 | 10.9
Unarmed Combat | 4 5 6 7 9 11 | 11.5
Invocations    | 3 |  3.4
Throwing       | |  1.7
Dodging        | |  2.6

Action                   |  1- 3 |  4- 6 |  7- 9 | 10-12 || total
-------------------------+-------+-------+-------+-------++-------
Melee: Unarmed           |   131 |   147 |   367 |    30 ||   675
       Punch             |     1 |     1 |    14 |     1 ||    17
Invok: Upheaval          |       |       |       |     3 ||     3
Evoke: Wand              |       |       |       |     1 ||     1
  Use: Scroll            |     3 |     1 |     8 |       ||    12
       Potion            |       |       |     6 |       ||     6
  Eat: Chunk             |     8 |    19 |    16 |     3 ||    46
Armor: Leather armour    |    38 |       |       |       ||    38
       Chain mail        |     3 |    35 |       |       ||    38
       Scale mail        |       |    54 |    80 |     5 ||   139
       Ring mail         |       |       |     1 |       ||     1
Dodge: Dodged            |    99 |   106 |   136 |    12 ||   353
Block: Other             |       |    11 |    90 |    12 ||   113
       Reflection        |       |       |     1 |       ||     1
